Match 38242653
Unlisted

Match 38242653
End
Pioneer Squad
Selects Luftwaffe Battlegroup
Selects Luftwaffe Pioneer Support
Fallschirmpioneer Squad Paradrop
Fallschirmpioneer Squad Paradrop
Medical Station
Construct Infanterie Kompanie
Selects Stuka Strafing Run
MG 42 Machine Gun Team
Fallschirmpioneer Squad Paradrop
Construct Luftwaffe Kompanie
Stuka Strafing Run
Selects Fallschirmjäger Squad Paradrop
Jäger Squad
Stuka Strafing Run
Construct Panzer Kompanie
Stoßtruppen Squad
Fallschirmpioneer Squad Paradrop
Panzer IV Medium Tank
Stuka Strafing Run
Fallschirmpioneer Squad Paradrop
Stuka Strafing Run
Selects Flak 38 Anti-Air Emplacement
Selects Flak 36 Anti-tank Gun Emplacement
Selects Stuka Loiter
Fallschirmjäger Squad Paradrop
Support Elements
Fallschirmpioneer Squad Paradrop
Stuka Strafing Run
SanSani
Dekubitus
Bruistablet
Miko
0
0

Comments sign in to comment!

No comments posted yet!